 Dungeon Crawl Stone Soup version 0.29-a0-824-gd827844252 (webtiles) character file.

Game seed: 16735406817423517334

431092 inmateoo the Axe Maniac (level 22, -4/211 HPs)
             Began as a Minotaur Fighter on July 10, 2022.
             Was the Champion of Okawaru.
             Slain by a spark wasp (12 damage)
             ... on level 2 of the Depths.
             The game lasted 00:57:19 (44115 turns).

inmateoo the Axe Maniac (Minotaur Fighter)         Turns: 44115, Time: 00:57:20

Health: -4/211     AC: 36    Str: 28    XL:     22   Next: 84%
Magic:  31/31      EV: 17    Int:  2    God:    Okawaru [******]
Gold:   2952       SH: 18    Dex: 21    Spells: 21/21 levels left

rFire   + . .      SeeInvis .   V - +9 broad axe (elec)
rCold   + + .      Faith    .   j - +0 kite shield
rNeg    . . .      Spirit   .   M - +0 crystal plate armour {rC+}
rPois   +          Reflect  .   s - +2 hat of the Monkey's Uncle {+Blink Will+ Int-3 Dex+4}
rElec   .          Harm     .   r - scarf {repulsion}
rCorr   +          Rampage  .   A - +0 pair of gloves {hurl}
Will    +++..                   w - +1 pair of boots "Xuujath" {rPois rCorr Str+3 Stlth-}
Stlth   ..........              E - amulet of regeneration
HPRegen 1.25/turn               Y - ring of willpower
MPRegen 0.22/turn               S - ring of protection from cold

@: studying 4 skills, repel missiles
A: horns 2, retaliatory headbutt, talons 1, iridescent scales 1, fire resistance
1
}: 2/15 runes: barnacled, gossamer
a: Renounce Religion, Evoke Blink, Heroism, Finesse, Duel


You were on level 2 of the Depths.
You worshipped Okawaru.
Okawaru was exalted by your worship.
You visited 9 branches of the dungeon, and saw 41 of its levels.
You also visited: Ossuary, Bailey, Gauntlet, Ice Cave and Desolation.

You collected 5167 gold pieces.
You spent 2215 gold pieces at shops.

Inventory:

Hand Weapons
 C - a +6 broad axe of freezing
 V - a +9 broad axe of electrocution (weapon)
Missiles
 b - 7 throwing nets (quivered)
Armour
 j - a +0 kite shield (worn)
 r - a scarf of repulsion (worn)
 s - the +2 hat of the Monkey's Uncle (worn) {+Blink Will+ Int-3 Dex+4}
   (You found it on level 4 of the Spider Nest)

   Int:       It affects your intelligence (-3).
   Dex:       It affects your dexterity (+4).
   +Blink:    It lets you blink.
   Will:      It increases your willpower.
 w - the +1 pair of boots "Xuujath" (worn) {rPois rCorr Str+3 Stlth-}
   (You bought it in a shop on level 2 of the Orcish Mines)

   Str:       It affects your strength (+3).
   rPois:     It protects you from poison.
   rCorr:     It protects you from acid and corrosion.
   Stlth:     It makes you less stealthy.
 A - a +0 pair of gloves of hurling (worn)
 F - the +0 pair of boots of the Poles {rF++ rN+ Str-4}
   (You found it on level 13 of the Dungeon)

   Str:       It affects your strength (-4).
   rF:        It greatly protects you from fire.
   rN:        It protects you from negative energy.
 M - a +0 crystal plate armour of cold resistance (worn)
Jewellery
 u - the ring "Maij" {Wiz rF+ Int+4}
   (You found it on level 1 of the Spider Nest)

   [ring of wizardry]

   It improves your spell success rate.
   Int:       It affects your intelligence (+4).
   rF:        It protects you from fire.
 E - an amulet of regeneration (around neck)
 S - a ring of protection from cold (right hand)
 X - a ring of protection from cold
 Y - a ring of willpower (left hand)
Wands
 a - a wand of flame (44)
 f - a wand of quicksilver (20)
 p - a wand of roots (18)
 B - a wand of digging (13)
 D - a wand of mindburst (44)
 O - a wand of polymorph (3)
Scrolls
 e - 11 scrolls of enchant armour
 l - 4 scrolls of amnesia
 m - 14 scrolls of teleportation
 o - 6 scrolls of poison
 q - 10 scrolls of fog
 y - 5 scrolls of fear
 I - a scroll of brand weapon
 L - 2 scrolls of blinking
 Q - 5 scrolls of magic mapping
Potions
 c - 8 potions of ambrosia
 d - 8 potions of might
 g - 10 potions of haste
 h - 9 potions of brilliance
 i - 6 potions of resistance
 k - 4 potions of flight
 n - 24 potions of curing
 v - 13 potions of heal wounds
 z - 10 potions of mutation
 K - 3 potions of berserk rage
 P - 5 potions of invisibility
 R - a potion of magic
 T - 3 potions of cancellation
Miscellaneous
 G - a lightning rod (4/4)
 H - a condenser vane
 J - a tin of tremorstones (2/2)


   Skills:
 + Level 20.7 Fighting
 O Level 27 Axes
 + Level 21.2 Armour
 + Level 18.8 Dodging
 + Level 22.9 Shields
 - Level 14.0 Invocations


You had 21 spell levels left.
You didn't know any spells.
Your spell library contained the following spells:

 Spells                   Type           Power      Damage    Failure   Level
 Apportation              Tloc           0%         N/A       100%        1
 Beastly Appendage        Tmut           0%         N/A       100%        1
 Foxfire                  Conj/Fire      0%         2x1d4     100%        1
 Magic Dart               Conj           0%         1d3       100%        1
 Necrotise                Necr           0%         1d4       100%        1
 Sandblast                Erth           0%         2d4       100%        1
 Sting                    Tmut/Pois      0%         1d3       100%        1
 Blink                    Tloc           0%         N/A       100%        2
 Ensorcelled Hibernation  Hex/Ice        0%         N/A       100%        2
 Scorch                   Fire           0%         2d5       100%        2
 Searing Ray              Conj           0%         2d4       100%        2
 Wereblood                Tmut           0%         N/A       100%        2
 Conjure Flame            Conj/Fire      0%         6-21      100%        3
 Ignite Poison            Fire/Tmut/Pois 0%         N/A       100%        3
 Inner Flame              Hex/Fire       0%         N/A       100%        3
 Lesser Beckoning         Tloc           0%         N/A       100%        3
 Mephitic Cloud           Conj/Pois/Air  0%         N/A       100%        3
 Ozocubu's Armour         Ice            0%         N/A       100%        3
 Portal Projectile        Hex/Tloc       0%         N/A       100%        3
 Spider Form              Tmut/Pois      0%         N/A       100%        3
 Vampiric Draining        Necr           0%         2d6       100%        3
 Corpse Rot               Necr/Pois/Air  0%         N/A       100%        4
 Dispel Undead            Necr           0%         3d6       100%        4
 Flame Wave               Conj/Fire      0%         2d4       100%        4
 Fulminant Prism          Conj/Hex       0%         3d6       100%        4
 Hailstorm                Conj/Ice       0%         3d3       100%        4
 Ice Form                 Ice/Tmut       0%         N/A       100%        4
 Iskenderun's Mystic Bla  Conj/Tloc      0%         2d3       100%        4
 Leda's Liquefaction      Hex/Erth       0%         N/A       100%        4
 Olgreb's Toxic Radiance  Pois           0%         N/A       100%        4
 Passage of Golubria      Tloc           0%         N/A       100%        4
 Petrify                  Tmut/Erth      0%         N/A       100%        4
 Agony                    Necr           0%         N/A       100%        5
 Alistair's Intoxication  Tmut/Pois      0%         N/A       100%        5
 Blade Hands              Tmut           0%         N/A       100%        5
 Borgnjor's Vile Clutch   Necr/Erth      0%         N/A       100%        5
 Fireball                 Conj/Fire      0%         3d3       100%        5
 Freezing Cloud           Conj/Ice/Air   0%         6-21      100%        5
 Manifold Assault         Tloc           0%         N/A       100%        5
 Metabolic Englaciation   Hex/Ice        0%         N/A       100%        5
 Silence                  Hex/Air        0%         N/A       100%        5
 Dispersal                Tloc           0%         N/A       100%        6
 Eringya's Noxious Bog    Tmut/Pois      0%         N/A       100%        6
 Iron Shot                Conj/Erth      0%         9d1       100%        6
 Starburst                Conj/Fire      0%         6d3       100%        6
 Statue Form              Tmut/Erth      0%         N/A       100%        6
 Orb of Destruction       Conj           0%         9d5       100%        7
 Ozocubu's Refrigeration  Ice            0%         4d5       100%        7
 Storm Form               Tmut/Air       0%         N/A       100%        7
 Ignition                 Fire           0%         3d3       100%        8
 Lehudib's Crystal Spear  Conj/Erth      0%         10d2      100%        8
 Polar Vortex             Ice            0%         N/A       100%        9
 Shatter                  Erth           0%         3d5*      100%        9
 Summon Small Mammal      Summ           Unusable   N/A       N/A         1
 Call Imp                 Summ           Unusable   N/A       N/A         2
 Call Canine Familiar     Summ           Unusable   N/A       N/A         3
 Summon Guardian Golem    Hex/Summ       Unusable   N/A       N/A         3
 Tukima's Dance           Hex            Unusable   N/A       N/A         3
 Animate Armour           Summ/Erth      Unusable   N/A       N/A         4
 Animate Dead             Necr           Unusable   N/A       N/A         4
 Death Channel            Necr           Unusable   N/A       N/A         6
 Simulacrum               Ice/Necr       Unusable   N/A       N/A         6
 Summon Cactus Giant      Summ           Unusable   N/A       N/A         6
 Malign Gateway           Summ/Tloc      Unusable   N/A       N/A         7
 Spellforged Servitor     Conj/Summ      Unusable   N/A       N/A         7

Dungeon Overview and Level Annotations

Branches:
Dungeon (15/15)            Temple (1/1) D:4            Lair (6/6) D:11
 Shoals (4/4) Lair:2       Spider (4/4) Lair:2        Slime (0/5) Lair:6
    Orc (2/2) D:11            Elf (3/3) Orc:2        Vaults (4/5) D:14
  Crypt (0/3) Vaults:3     Depths (2/4) D:15        Ossuary (visited)
 Bailey (visited)           IceCv (visited)         Desolation (visited)
Gauntlet (visited)

Altars:
Ashenzari
Cheibriados
Dithmenos
Elyvilon
Fedhas
Gozag
Hepliaklqana
Kikubaaqudgha
Makhleb
Nemelex Xobeh
Okawaru
Qazlal
Ru
Sif Muna
Trog
Uskayaw
Vehumet
Wu Jian
Xom
Yredelemnul
Zin
The Shining One
Jiyva

Shops:
D:10 (   D:11 ?   D:12 (   Orc:1 *[   Orc:2 *[[(   Elf:1 *   Elf:3 ??=
Shoals:1 *

Portals:
Hell: Depths:1
Abyss: Depths:1
Trove: Elf:2 (give +6 demon whip)

Annotations:
D:14 4 transporters
Elf:1 2 transporters, Ihia's ghost, adept DrHu
Elf:2 3 runed translucent doors
Vaults:1 2 transporters, Yrenuce's ghost, adept PaMo
Depths:2 1 runed translucent door, Xuapopt's ghost, adept MiBe


Innate Abilities, Weirdness & Mutations

You have a pair of horns on your head.
You reflexively headbutt those who attack you in melee.
You have sharp toenails.
You are partially covered in iridescent scales. (AC +2)
Your flesh is heat resistant. (rF+)


Message History

The spark wasp stings you but does no damage. x2
Your life force feels restored.
You slash the spark wasp!
The spark wasp is heavily wounded.
You miss the spark wasp. You block the spark wasp's attack. x2
A walking frostbound tome comes into view.
You slash the spark wasp!
You headbutt the spark wasp, but do no damage.
The spark wasp is severely wounded.
You slice the spark wasp!! You block the spark wasp's attack.
The spark wasp stings you but does no damage.
You closely miss the spark wasp.
The spark wasp is severely wounded.
You hit the spark wasp.
The spark wasp stings you but does no damage.
The walking frostbound tome erupts in a flurry of living spells!
The spark wasp stings you!
* * * LOW HITPOINT WARNING * * *
The spark wasp shocks you!
* * * LOW HITPOINT WARNING * * *
Blink to where?
Press: ? - help, Dir - move target, p - spark wasp
As you read the scroll of blinking, it crumbles to dust.
The spark wasp bursts into living lightning!
The living lightning hits the spark wasp.
The spark wasp completely resists.
The living lightning hits you!
* * * LOW HITPOINT WARNING * * *
The spark wasp blinks! x2
The spark wasp bursts into living lightning!
The living lightning hits the spark wasp.
The spark wasp completely resists.
The living lightning is repelled.
The spark wasp blinks! x3
You feel much better. The spark wasp stings you.
* * * LOW HITPOINT WARNING * * *
The spark wasp shocks you!
* * * LOW HITPOINT WARNING * * *
The spark wasp stings you!
* * * LOW HITPOINT WARNING * * *
The spark wasp shocks you!
You die...

###...#..[##.###
.#
##...|)#...#.##
#.....##..##.#
##...####..#.##
#...## #...#.#
#...####...#.#
##...##...##.#
#........#.##
#.##......##@#
#.###..###y##
#..####)y##
#...§###
#...'.§().;*..#
##..#........##
#############


You could see 2 spark wasps.

Vanquished Creatures
  An ancient lich (Vaults:4)
  Margery (Vaults:4)
  Frederick (Vaults:3)
  Jorgrun (D:15)
  A tentacled monstrosity (Vaults:4)
  A titan (Shoals:4)
  Zenata (Vaults:1)
  2 deep elf master archers (Elf:3)
  2 deep elf blademasters
  Polyphemus (Shoals:4)
  8 sphinxes
  Agnes (Spider:3)
  A storm dragon (Vaults:4)
  Kirke (D:14)
  3 tengu reavers
  The ghost of Yhy Kuiti the Geomancer, an adept DgEE (Spider:1)
  A shadow dragon (Vaults:4)
  Donald (Orc:2)
  5 fire giants
  4 emperor scorpions
  4 imperial myrmidons (Desolation)
  8 frost giants
  An iron dragon (Vaults:4)
  14 vault wardens
  9 ghost moths
  A ghost moth (shapeshifter) (Depths:1)
  4 deep elf sorcerers
  4 deep elf elementalists
  7 stone giants
  2 broodmothers
  A spriggan defender (Depths:2)
  15 very ugly things
  7 ironbound thunderhulks
  14 ironbound preservers
  3 war gargoyles
  2 vampire knights
  2 entropy weavers
  An eleionoma (shapeshifter) (Vaults:4)
  8 deep elf demonologists
  2 halazid warlocks (Desolation)
  An entropy weaver (shapeshifter) (Depths:2)
  A minotaur (Gauntlet)
  3 deep elf annihilators (Elf:3)
  6 spark wasps
  4 merfolk javelineers (Shoals:4)
  11 dire elephants
  Snorg (Orc:1)
  4 ettins
  The ghost of qborf the Severer, a journeyman MiCK of Xom (Lair:4)
  6 fire dragons
  A crystal guardian (Vaults:4)
  5 deep elf death magi
  9 merfolk impalers
  12 ragged hierophants
  3 deep elf high priests
  9 servants of whispers (Desolation)
  10 boulder beetles
  16 vault guards
  9 yaktaur captains
  11 hydras
  7 great orbs of eyes
  A spriggan air mage (Depths:2)
  6 jorogumos
  5 ice dragons (Depths:2)
  A catoblepas (Shoals:4)
  The ghost of soberaf the Eclecticist, a journeyman FeAE of Vehumet (D:13)
  5 ogre magi
  13 centaur warriors
  11 peacekeepers
  19 two-headed ogres
  11 ironbound frosthearts
  6 merfolk aquamancers
  5 radroaches
  A death knight (D:14)
  14 dancing weapons
  2 deep troll shamans (Depths:1)
  Urug (Lair:3)
  An orc high priest (Elf:3)
  19 death yaks
  4 tengu warriors
  The ghost of Kunuops the Stinger, a novice DsVM of Vehumet (D:12)
  A vampire mage (Depths:2)
  12 deep elf knights
  4 hell knights (Vaults:4)
  Sonja (Lair:2)
  An iron troll (Depths:1)
  4 skeletal warriors
  9 pharaoh ants
  2 steelbarb worms
  A sun moth (Spider:2)
  2 glowing orange brains
  42 deep trolls
  12 sea snakes
  8 wizards
  A flayed ghost (Depths:2)
  7 orb spiders
  7 deep elf archers
  21 ironbound convokers
  8 orc knights
  Pikel (D:7)
  7 lindwurms
  45 harpies
  5 necromancers
  30 ugly things
  25 deep elf pyromancers
  20 deep elf zephyrmancers
  A shining eye (shapeshifter) (D:12)
  22 wolf spiders
  3 human zombies
  An orc sorcerer (Elf:1)
  7 cyclopes
  4 fauns
  2 oklob plants
  A sphinx skeleton (Vaults:1)
  6 elephants (Lair:5)
  8 moths of wrath
  13 manticores
  3 black mambas
  10 water nymphs
  9 merfolk sirens
  4 guardian serpents
  20 cane toads
  17 vault sentinels
  An ice statue (IceCv)
  A gargoyle (D:13)
  5 torpor snails
  A yaktaur (shapeshifter) (D:13)
  A cane toad (shapeshifter) (D:14)
  2 unseen horrors (D:11)
  5 rime drakes
  14 komodo dragons
  An unseen horror zombie (D:7)
  29 yaktaurs
  4 kobold demonologists
  A tengu conjurer (Depths:2)
  A queen bee (Gauntlet)
  3 demonic crawlers
  A yaktaur skeleton (Vaults:4)
  2 meliai (shapeshifter)
  11 trolls
  3 freezing wraiths (D:14)
  2 human skeletons
  The ghost of kMk the Cutter, a novice VSFi of Okawaru (D:6)
  9 meliai
  3 hornets
  30 merfolk
  68 saltlings
  22 tarantellas
  11 wind drakes
  4 polar bears (IceCv)
  A tarantella (shapeshifter) (D:13)
  3 tyrant leeches
  A raiju (Gauntlet)
  48 slime creatures
  6 snapping turtles
  18 blink frogs
  2 shadows
  26 jumping spiders
  12 culicivoras
  12 air elementals
  A vampire (D:13)
  7 spriggans (Lair:4)
  49 yaks
  5 wraiths
  2 basilisks (shapeshifter)
  7 wyverns
  32 water elementals
  6 hogs (D:14)
  A human (D:14)
  3 basilisks
  A fire elemental (Elf:3)
  7 steam dragons
  49 redbacks
  3 neqoxecs (D:12)
  9 vampire mosquitoes
  7 wargs
  A human simulacrum (Vaults:4)
  A naga (shapeshifter) (D:12)
  2 acid dragons (Gauntlet)
  18 water moccasins
  24 orc warriors
  2 sky beasts
  3 ice beasts
  2 black bears (Lair:3)
  33 wolves
  A black bear (shapeshifter) (D:14)
  A hornet zombie (D:7)
  25 ogres
  An ogre (shapeshifter) (D:13)
  8 centaurs
  4 phantoms
  20 bullfrogs
  3 earth elementals
  2 necrophages
  9 gnoll sergeants
  3 scorpions
  4 wights (D:8)
  4 killer bees (Gauntlet)
  2 electric eels (Lair:6)
  2 howler monkeys
  5 hounds
  5 centaur zombies (D:7)
  4 jellies
  A bullfrog zombie (D:7)
  9 gnoll boudas
  14 orc priests
  An iron imp (D:12)
  Ijyb (D:3)
  2 iguanas
  22 orc wizards
  8 mummies (Ossuary)
  22 gnolls
  10 adders
  A shadow imp (D:6)
  A white imp (D:5)
  2 ufetubi (D:6)
  3 worms
  A worm (shapeshifter) (D:12)
  3 dart slugs
  81 orcs
  6 endoplasms
  4 giant cockroaches
  11 goblins
  8 hobgoblins
  6 jackals (D:3)
  6 quokkas
  4 ball pythons
  2 bats
  3 frilled lizards (D:2)
  A gnoll zombie (Ossuary)
  5 hobgoblin zombies (Ossuary)
  9 kobolds
  2 kobold zombies (Ossuary)
  5 rats
1808 creatures vanquished.

Vanquished Creatures (others)
  Asterion (Vaults:1)
  A ghost moth (Spider:4)
  A wizard (D:14)
  2 deep elf pyromancers
  A redback (Spider:4)
  An orc (D:9)
  4 demonic plants (Gauntlet)
  52 fungi
  159 plants
222 creatures vanquished.

Grand Total: 2030 creatures vanquished

Notes
Turn   | Place    | Note
-------+----------+-------------------------------------------
     0 | D:1      | inmateoo the Minotaur Fighter began the quest for the Orb.
     0 | D:1      | Reached XP level 1. HP: 19/19 MP: 0/0
   256 | D:1      | Reached XP level 2. HP: 23/27 MP: 1/1
   612 | D:1      | Reached skill level 3 in Axes
   982 | D:2      | Reached skill level 1 in Dodging
  1028 | D:2      | Reached XP level 3. HP: 29/33 MP: 2/2
  1474 | D:3      | Found a faded altar of an unknown god.
  1693 | D:3      | Reached XP level 4. HP: 40/40 MP: 3/3
  1940 | D:3      | Noticed Ijyb
  1948 | D:3      | Killed Ijyb
  1949 | D:3      | Reached skill level 4 in Axes
  2336 | D:4      | Noticed a phantom
  2342 | D:4      | Killed a phantom
  2343 | D:4      | Reached XP level 5. HP: 40/47 MP: 4/4
  2467 | D:4      | Reached skill level 5 in Axes
  2467 | D:4      | Reached XP level 6. HP: 45/53 MP: 5/5
  2519 | D:4      | Found a staircase to the Ecumenical Temple.
  2547 | Temple   | Entered the Ecumenical Temple
  2576 | Temple   | Became a worshipper of Warmaster Okawaru
  2979 | D:4      | Reached skill level 5 in Fighting
  2979 | D:4      | Reached skill level 5 in Shields
  2979 | D:4      | Reached skill level 1 in Invocations
  3079 | D:4      | Found an opulent altar of Gozag.
  3095 | D:4      | Found a bloodstained altar of Trog.
  3325 | D:5      | Entered Level 5 of the Dungeon
  3325 | D:5      | Found a sand-covered staircase.
  3327 | D:5      | Reached XP level 7. HP: 61/61 MP: 6/6
  3331 | D:5      | Reached * piety under Okawaru
  3332 | D:5      | Reached skill level 5 in Armour
  3412 | Ossuary  | Entered an ossuary
  3635 | D:5      | Found a stormy altar of Qazlal.
  3649 | D:5      | Reached skill level 6 in Axes
  4136 | D:5      | Reached XP level 8. HP: 69/69 MP: 8/8
  4439 | D:6      | Reached ** piety under Okawaru
  4472 | D:6      | Identified the +5 trident of Nemelex Xobeh's Scorn {vamp,
                  | rF+ Dex+7}
  4495 | D:6      | Found a transporter.
  4534 | D:6      | Reached skill level 7 in Axes
  4578 | D:6      | Found a sparkling altar of Nemelex Xobeh.
  4608 | D:6      | Found a transporter.
  4617 | D:6      | Noticed kMk's ghost (novice VSFi)
  4974 | D:6      | Reached skill level 8 in Axes
  4977 | D:6      | Reached *** piety under Okawaru
  4978 | D:6      | Reached XP level 9. HP: 26/78 MP: 10/10
  5704 | D:6      | Killed kMk's ghost
  5867 | D:6      | Reached skill level 5 in Dodging
  6054 | D:6      | Identified the +0 barding of Fortitude {+Blink rN+ Stlth+}
  6118 | D:7      | Noticed Pikel
  6125 | D:7      | Killed Pikel
  6125 | D:7      | Reached **** piety under Okawaru
  6126 | D:7      | Reached skill level 9 in Axes
  6248 | D:7      | Found a basalt altar of Yredelemnul.
  6382 | D:7      | Reached XP level 10. HP: 82/86 MP: 12/12
  6557 | D:7      | Reached ***** piety under Okawaru
  6827 | D:8      | Reached skill level 10 in Axes
  6990 | D:8      | Found a glowing silver altar of Zin.
  7388 | D:8      | Identified a scroll of acquirement
  7388 | D:8      | Acquired a manual of Invocations
  7418 | D:9      | Found a blossoming altar of Fedhas.
  7461 | D:9      | Identified the +1 chain mail "Ahah" {rC+ rN+ Will- SInv}
                  | (Okawaru gifted it to you on level 9 of the Dungeon)
  7461 | D:9      | Received a gift from Okawaru
  7462 | D:9      | Reached skill level 5 in Invocations
  7651 | D:9      | Noticed a rust devil
  7652 | D:9      | Noticed an orange demon
  7654 | D:9      | Noticed an orange demon
  7846 | D:9      | Reached skill level 11 in Axes
  8388 | D:10     | Entered Level 10 of the Dungeon
  8392 | D:10     | Noticed a two-headed ogre
  8406 | D:9      | HP: 3/90 [two-headed ogre/+0 giant club (15)]
  8407 | D:9      | Killed a two-headed ogre
  8408 | D:9      | Reached skill level 10 in Shields
  8445 | D:10     | Found Guvubez's Weapon Emporium.
  8464 | D:10     | Reached XP level 11. HP: 26/95 MP: 14/14
  8579 | D:10     | Found a flagged portal.
  8588 | Bailey   | Entered a bailey
  9210 | D:10     | Identified the +7 trident "Huef" {pain, rPois Dex+4}
  9281 | D:10     | Noticed a two-headed ogre
  9291 | D:10     | Killed a two-headed ogre
  9291 | D:10     | Received a gift from Okawaru
  9329 | D:10     | Noticed a skeletal warrior
  9352 | D:10     | Killed a skeletal warrior
  9499 | D:10     | Reached skill level 12 in Axes
  9885 | D:11     | Noticed an eight-headed hydra
  9885 | D:11     | Noticed a red ugly thing
  9887 | D:11     | Noticed a green ugly thing
  9899 | D:10     | Killed a red ugly thing
  9920 | D:10     | Killed a four-headed hydra
  9966 | D:11     | Killed a green ugly thing
 10065 | D:11     | Noticed an oklob plant
 10199 | D:11     | Found a staircase to the Orcish Mines.
 10222 | D:11     | Received a gift from Okawaru
 10331 | D:11     | Found a staircase to the Lair.
 10374 | D:11     | Noticed a two-headed ogre
 10385 | D:11     | Killed a two-headed ogre
 10427 | D:11     | Found Neluv's Magic Scroll Emporium.
 10430 | D:11     | Bought a scroll of identify for 30 gold pieces
 10430 | D:11     | Bought a scroll of identify for 30 gold pieces
 10430 | D:11     | Bought a scroll of identify for 30 gold pieces
 10430 | D:11     | Bought a scroll of identify for 30 gold pieces
 10430 | D:11     | Bought a scroll of enchant armour for 112 gold pieces
 10430 | D:11     | Bought a scroll of enchant armour for 112 gold pieces
 10430 | D:11     | Bought a scroll of teleportation for 45 gold pieces
 10658 | D:11     | Killed an oklob plant
 10733 | D:12     | Noticed a skeletal warrior
 10734 | D:12     | Noticed a boulder beetle
 10734 | D:12     | Noticed a skeletal warrior
 10734 | D:12     | Noticed a skeletal warrior
 10751 | Lair:1   | Entered Level 1 of the Lair of Beasts
 10764 | Lair:1   | Reached XP level 12. HP: 106/106 MP: 17/17
 10778 | Lair:1   | Reached skill level 13 in Axes
 10798 | Lair:1   | Noticed a four-headed hydra
 10825 | Lair:1   | Killed a four-headed hydra
 10835 | Lair:1   | Reached skill level 10 in Fighting
 10906 | Lair:1   | Reached skill level 10 in Armour
 11505 | Lair:2   | Identified the +7 broad axe "Beastslayer" {venom, rPois
                  | rF+++ Str-2 Int-5} (Okawaru gifted it to you on level 2 of
                  | the Lair of Beasts)
 11505 | Lair:2   | Received a gift from Okawaru
 11513 | Lair:2   | Lost intelligence.
 11655 | Lair:2   | Noticed Sonja
 11659 | Lair:2   | Killed Sonja
 11659 | Lair:2   | Reached ****** piety under Okawaru
 11747 | Lair:2   | Found a staircase to the Shoals.
 11904 | Lair:2   | Reached skill level 14 in Axes
 12016 | Lair:2   | Noticed a seven-headed hydra
 12023 | Lair:2   | Killed a seven-headed hydra
 12114 | Lair:2   | Received a gift from Okawaru
 12269 | Lair:2   | Found a hole to the Spider Nest.
 12346 | Lair:3   | Reached skill level 10 in Invocations
 12381 | Lair:3   | Found a frozen archway.
 12396 | IceCv    | Entered an ice cave
 12421 | IceCv    | Noticed a death yak
 12422 | IceCv    | Noticed a death yak
 12426 | IceCv    | Identified the +0 hat "Isuetyop" {Dex+3 Slay+3 Stlth-}
                  | (Okawaru gifted it to you in an ice cave)
 12426 | IceCv    | Received a gift from Okawaru
 12438 | IceCv    | Reached XP level 13. HP: 82/115 MP: 19/19
 12829 | IceCv    | Reached skill level 15 in Axes
 12935 | IceCv    | Noticed a frost giant
 12958 | IceCv    | Killed a frost giant
 13239 | Lair:3   | Received a gift from Okawaru
 13240 | Lair:3   | Reached skill level 10 in Dodging
 13351 | Lair:3   | Noticed Urug
 13390 | Lair:3   | Killed Urug
 14202 | Lair:4   | Reached skill level 15 in Shields
 14269 | Lair:4   | Found a transporter.
 14271 | Lair:4   | Found a transporter.
 14281 | Lair:4   | Noticed qborf's ghost (journeyman MiCK)
 14296 | Lair:4   | Found a bloodstained altar of Trog.
 14780 | Lair:5   | Identified the +7 trident "Qosilijy" {drain, Contam rElec
                  | rF+ Str+9} (Okawaru gifted it to you on level 5 of the Lair
                  | of Beasts)
 14780 | Lair:5   | Received a gift from Okawaru
 14783 | Lair:5   | Reached skill level 16 in Axes
 14783 | Lair:5   | Reached XP level 14. HP: 125/125 MP: 19/21
 15630 | Lair:6   | Entered Level 6 of the Lair of Beasts
 15758 | Lair:5   | Identified the +10 plate armour "Usueneg" {rCorr} (Okawaru
                  | gifted it to you on level 5 of the Lair of Beasts)
 15758 | Lair:5   | Received a gift from Okawaru
 16203 | Lair:6   | Found a runed translucent door.
 16203 | Lair:6   | Found a viscous altar of Jiyva.
 16217 | Lair:6   | Found a staircase to the Slime Pits.
 16612 | Lair:6   | Reached skill level 17 in Axes
 17204 | D:12     | Received a gift from Okawaru
 17337 | D:12     | Found Ezenk's Antique Weapon Shop.
 17410 | D:12     | Found a snail-covered altar of Cheibriados.
 17627 | D:12     | Found a runed translucent gate.
 17629 | D:12     | Found a runed translucent gate.
 17630 | D:12     | Found a runed translucent gate.
 17901 | D:12     | Reached XP level 15. HP: 134/134 MP: 16/23
 17910 | D:12     | Found a runed translucent gate.
 17910 | D:12     | Found a runed translucent gate.
 17914 | D:12     | Noticed Kunuops's ghost (novice DsVM)
 17919 | D:12     | Found a runed translucent gate.
 17923 | D:12     | Gained mutation: You occasionally lose the ability to drink
                  | potions when taking damage. [a neqoxec]
 17923 | D:12     | Gained mutation: You have hidden genetic defects. [a
                  | neqoxec]
 17938 | D:12     | Killed Kunuops's ghost
 17947 | D:12     | Gained mutation: You are occasionally teleported next to
                  | monsters. [mutagenic glow]
 17957 | D:12     | Gained mutation: You are clumsy. (Dex -2) [mutagenic glow]
 17967 | D:12     | Gained mutation: Your spells are a little easier to cast,
                  | but a little less powerful. [mutagenic glow]
 17980 | D:12     | Gained mutation: You are weak. (Str -2) [mutagenic glow]
 18182 | D:12     | Lost mutation: You are clumsy. (Dex -2) [potion of
                  | mutation]
 18182 | D:12     | Lost mutation: You are occasionally teleported next to
                  | monsters. [potion of mutation]
 18182 | D:12     | Gained mutation: You have a pair of large horns on your
                  | head. [potion of mutation]
 18182 | D:12     | Gained mutation: You do not regenerate when monsters are
                  | visible. [potion of mutation]
 18183 | D:12     | Lost mutation: You are weak. (Str -2) [potion of mutation]
 18183 | D:12     | Lost mutation: You occasionally lose the ability to drink
                  | potions when taking damage. [potion of mutation]
 18183 | D:12     | Gained mutation: You are partially covered in iridescent
                  | scales. (AC +2) [potion of mutation]
 18183 | D:12     | Gained mutation: Your muscles are strong. (Str +4, Int/Dex
                  | -1) [potion of mutation]
 18184 | D:12     | Lost mutation: Your spells are a little easier to cast, but
                  | a little less powerful. [potion of mutation]
 18184 | D:12     | Lost mutation: You are partially covered in iridescent
                  | scales. (AC +2) [potion of mutation]
 18184 | D:12     | Gained mutation: You have sharp toenails. [potion of
                  | mutation]
 18185 | D:12     | Lost mutation: You have a pair of large horns on your head.
                  | [potion of mutation]
 18185 | D:12     | Lost mutation: Your muscles are strong. (Str +4, Int/Dex
                  | -1) [potion of mutation]
 18185 | D:12     | Lost mutation: You do not regenerate when monsters are
                  | visible. [potion of mutation]
 18185 | D:12     | Gained mutation: You possess an exceptional clarity of
                  | mind. [potion of mutation]
 18185 | D:12     | Gained mutation: You are partially covered in iridescent
                  | scales. (AC +2) [potion of mutation]
 18257 | D:13     | Identified the +5 plate armour "Noonorcho" {Fly SInv}
                  | (Okawaru gifted it to you on level 13 of the Dungeon)
 18257 | D:13     | Received a gift from Okawaru
 18637 | D:13     | Found a sacrificial altar of Ru.
 18638 | D:13     | Found a hazy altar of Hepliaklqana.
 18639 | D:13     | Found a shadowy altar of Dithmenos.
 18639 | D:13     | Found a bloodstained altar of Trog.
 18696 | D:13     | Gained mutation: You are frail. (-10% HP) [hidden defects]
 18705 | D:13     | Lost mutation: You are frail. (-10% HP) [potion of
                  | mutation]
 18705 | D:13     | Lost mutation: You have hidden genetic defects. [potion of
                  | mutation]
 18705 | D:13     | Lost mutation: You possess an exceptional clarity of mind.
                  | [potion of mutation]
 18705 | D:13     | Gained mutation: Your flesh is heat resistant. (rF+)
                  | [potion of mutation]
 18705 | D:13     | Gained mutation: Your mind is acute. (Int +4, Str/Dex -1)
                  | [potion of mutation]
 18778 | D:13     | Identified the +0 pair of boots of the Poles {rF++ rN+
                  | Str-4}
 19040 | D:13     | Found a runed translucent gate.
 19040 | D:13     | Found a runed translucent gate.
 19040 | D:13     | Found a runed translucent gate.
 19041 | D:13     | Noticed soberaf's ghost (journeyman FeAE)
 19340 | D:13     | Reached skill level 18 in Axes
 19356 | D:13     | Killed soberaf's ghost
 19791 | D:14     | Found a gate to the Vaults.
 19922 | D:14     | Found a transporter.
 19979 | D:14     | Found a transporter.
 20152 | D:14     | Noticed Kirke
 20166 | D:14     | Noticed a sphinx
 20177 | D:14     | Killed Kirke
 20277 | D:14     | Found an opulent altar of Gozag.
 20302 | D:14     | Identified the +8 long sword of Innocence {vorpal, Str+2}
 20307 | D:14     | Found a transporter.
 20345 | D:14     | Found a transporter.
 20555 | D:14     | Received a gift from Okawaru
 20815 | D:15     | Entered Level 15 of the Dungeon
 20920 | D:15     | Noticed Jorgrun
 20932 | D:15     | Killed Jorgrun
 20932 | D:15     | Received a gift from Okawaru
 21139 | D:15     | Reached XP level 16. HP: 100/145 MP: 25/25
 21392 | D:15     | Found a staircase to the Depths.
 21856 | Lair:4   | Killed qborf's ghost
 22012 | Orc:1    | Entered Level 1 of the Orcish Mines
 22019 | Orc:1    | Reached skill level 19 in Axes
 22172 | Orc:1    | Found Laet's Mass Market.
 22297 | Orc:1    | Found Vappoun's Antique Armour Shoppe.
 22462 | Orc:2    | Entered Level 2 of the Orcish Mines
 22462 | Orc:2    | Noticed Donald
 22589 | Orc:2    | Killed Donald
 22600 | Orc:2    | Noticed Snorg
 22615 | Orc:1    | Killed Snorg
 22680 | Orc:2    | Found a staircase to the Elven Halls.
 22739 | Orc:2    | Found a gate leading to a gauntlet.
 22749 | Gauntlet | Entered a Gauntlet
 22749 | Gauntlet | Found a transporter.
 22749 | Gauntlet | Found a transporter.
 22749 | Gauntlet | Found a transporter.
 22749 | Gauntlet | Found a transporter.
 22753 | Gauntlet | Found a transporter.
 22763 | Gauntlet | Found a transporter.
 22829 | Gauntlet | Found a transporter.
 22839 | Gauntlet | Found a transporter.
 22854 | Gauntlet | Found a transporter.
 22870 | Gauntlet | Found a transporter.
 22879 | Gauntlet | Found a transporter.
 22885 | Gauntlet | Found a transporter.
 23294 | Orc:2    | Identified the +2 robe of Mutualism {rCorr Str+5 Int+3}
                  | (Okawaru gifted it to you on level 2 of the Orcish Mines)
 23294 | Orc:2    | Received a gift from Okawaru
 23332 | Orc:2    | Paralysed by an ogre mage for 5 turns
 23506 | Orc:2    | Found Yvik's General Store.
 23506 | Orc:2    | Found Xeahemim's Armour Boutique.
 23507 | Orc:2    | Found Haywigh's Armour Boutique.
 23507 | Orc:2    | Found Akij Jio's Antique Weapon Emporium.
 23514 | Orc:2    | Bought a potion of curing for 45 gold pieces
 23514 | Orc:2    | Bought a scroll of teleportation for 45 gold pieces
 23514 | Orc:2    | Bought a potion of resistance for 150 gold pieces
 23517 | Orc:2    | Bought the +1 pair of boots "Xuujath" {rPois rCorr Str+3
                  | Stlth-} for 374 gold pieces
 23815 | Spider:1 | Entered Level 1 of the Spider Nest
 24076 | Spider:1 | Reached skill level 20 in Axes
 24294 | Spider:1 | Found a runed translucent door.
 24297 | Spider:1 | Noticed Yhy Kuiti's ghost (adept DgEE)
 24887 | Spider:1 | Killed Yhy Kuiti's ghost
 24892 | Spider:1 | Identified the ring "Maij" {Wiz rF+ Int+4}
 24926 | Spider:2 | Received a gift from Okawaru
 25008 | Spider:2 | Reached XP level 17. HP: 154/154 MP: 26/26
 25027 | Spider:2 | Reached skill level 15 in Armour
 25042 | Spider:2 | Reached skill level 15 in Fighting
 25252 | Spider:2 | Received a gift from Okawaru
 25289 | Spider:3 | Noticed Agnes
 25301 | Spider:3 | Killed Agnes
 26755 | Spider:3 | Reached skill level 21 in Axes
 27333 | Spider:4 | Entered Level 4 of the Spider Nest
 27406 | Spider:4 | Identified the +1 chain mail "Lawottaa" {Str+8} (Okawaru
                  | gifted it to you on level 4 of the Spider Nest)
 27406 | Spider:4 | Received a gift from Okawaru
 28795 | Spider:4 | Identified the +2 hat of the Monkey's Uncle {+Blink Will+
                  | Int-3 Dex+4}
 28798 | Spider:4 | Got a gossamer rune of Zot
 29074 | Shoals:1 | Entered Level 1 of the Shoals
 29222 | Shoals:1 | Reached XP level 18. HP: 166/166 MP: 27/27
 29306 | Shoals:1 | Received a gift from Okawaru
 29543 | Shoals:1 | Found Vuhoerch's General Store.
 29546 | Shoals:1 | Bought a potion of heal wounds for 90 gold pieces
 29546 | Shoals:1 | Bought a potion of haste for 180 gold pieces
 29546 | Shoals:1 | Bought a scroll of teleportation for 54 gold pieces
 29693 | Shoals:2 | Identified the ring "Butoar" {rF- rN++ rCorr Dex+6 Slay+4}
 30195 | Shoals:2 | Reached skill level 22 in Axes
 30937 | Shoals:3 | Identified the +8 hand axe of the Protecting Enemy
                  | {protect, *Slow +Blink rElec Stlth+} (Okawaru gifted it to
                  | you on level 3 of the Shoals)
 30937 | Shoals:3 | Received a gift from Okawaru
 31121 | Shoals:4 | Entered Level 4 of the Shoals
 31215 | Shoals:4 | Identified the +6 glaive of War {vorpal, rCorr SInv Stlth-}
 31537 | Shoals:4 | Reached skill level 15 in Dodging
 31564 | Shoals:4 | Found a shimmering altar of Xom.
 31712 | Shoals:4 | Received a gift from Okawaru
 31735 | Shoals:4 | Identified the +3 spear of Toxudghi {speed, rC++ rN+++
                  | Int-3 Dex-5}
 31737 | Shoals:4 | Paralysed by an air elemental for 1 turns
 31787 | Shoals:4 | Paralysed by an air elemental for 1 turns
 31837 | Shoals:4 | Paralysed by an air elemental for 1 turns
 32124 | Shoals:4 | Noticed Polyphemus
 32149 | Shoals:4 | Killed Polyphemus
 32163 | Shoals:4 | Paralysed by an air elemental for 1 turns
 32350 | Shoals:4 | Got a barnacled rune of Zot
 32560 | Shoals:4 | Reached XP level 19. HP: 174/174 MP: 28/28
 32593 | Shoals:4 | Paralysed by an air elemental for 1 turns
 32596 | Shoals:4 | Paralysed by an air elemental for 1 turns
 32808 | Vaults:1 | Entered Level 1 of the Vaults
 32829 | Vaults:1 | Reached skill level 23 in Axes
 33190 | Vaults:1 | Received a gift from Okawaru
 33211 | Vaults:1 | Noticed Zenata
 33235 | Vaults:1 | Killed Zenata
 33792 | Vaults:1 | Found a transporter.
 33808 | Vaults:1 | Noticed an ancient lich
 33812 | Vaults:1 | Found a transporter.
 33813 | Vaults:1 | Noticed Yrenuce's ghost (adept PaMo)
 33855 | Vaults:1 | Noticed Asterion
 33864 | Vaults:1 | Killed Asterion
 34303 | Vaults:2 | Identified the +6 trident of Fimuor {vorpal, rF+ rC+ SInv}
                  | (Okawaru gifted it to you on level 2 of the Vaults)
 34303 | Vaults:2 | Received a gift from Okawaru
 34504 | Vaults:2 | Reached skill level 24 in Axes
 35386 | Vaults:3 | Found a crumbling gateway.
 35396 | Vaults:3 | Reached XP level 20. HP: 158/187 MP: 29/29
 35408 | Desolati | Entered the Desolation of Salt
 35482 | Desolati | Received a gift from Okawaru
 35613 | Desolati | Identified the ring "Cosud" {Fire rPois Str+4 Int-4 Dex+2}
 35715 | Desolati | Got the Precepts of Doomed Ice
 35719 | Desolati | Got Sif Muna's Atlas of the Geologist
 35865 | Desolati | Found the +1 robe of Vines {NoPotionHeal Regen++++}
 35895 | Desolati | Got the Commentary on Sepulchral Superposition
 35897 | Desolati | Got the Almanac of the Thirteen Realms
 35900 | Desolati | Identified the ring of Xeho {*Corrode Fly rC+ Slay+5}
 35920 | Desolati | Received a gift from Okawaru
 36067 | Desolati | Got the Omnibus of the Unified Compass
 36068 | Desolati | Identified the +1 robe of Restlessness {Str+2}
 36082 | Desolati | Identified the ring "Dofrogru" {rN+ Int+4}
 36086 | Desolati | Got Idintyce's Secrets of Chthonic Generation
 36450 | Vaults:3 | Noticed Frederick
 36461 | Vaults:3 | Killed Frederick
 36514 | Vaults:3 | Found a staircase to the Crypt.
 36514 | Vaults:3 | Found an ancient bone altar of Kikubaaqudgha.
 36515 | Vaults:3 | Found a basalt altar of Yredelemnul.
 36763 | Vaults:3 | Identified the +9 scale mail "Xadex" {rN+} (Okawaru gifted
                  | it to you on level 3 of the Vaults)
 36763 | Vaults:3 | Received a gift from Okawaru
 36873 | Vaults:3 | Reached skill level 25 in Axes
 37723 | Vaults:4 | Received a gift from Okawaru
 37724 | Vaults:4 | Reached XP level 21. HP: 179/196 MP: 30/30
 38029 | Vaults:4 | Noticed Margery
 38046 | Vaults:4 | Killed Margery
 38191 | Vaults:3 | Acquired a manual of Conjurations
 38259 | Vaults:4 | Paralysed by a great orb of eyes for 4 turns
 38572 | Vaults:4 | Identified the +0 helmet of Foolhardiness {rElec rCorr}
 38745 | Vaults:4 | Reached skill level 26 in Axes
 38946 | Vaults:4 | Received a gift from Okawaru
 39086 | Vaults:4 | Noticed an ancient lich
 39088 | Vaults:4 | Identified the amulet "Arokk" {Reflect rN++ Dex+2 SH+5}
 39092 | Vaults:4 | Identified the +7 rapier of Experimentation {vamp, *Noise
                  | Dex+7}
 39092 | Vaults:4 | Identified the +0 fire dragon scales "Ciasas" {+Inv rF++
                  | rC-}
 39233 | Vaults:4 | Killed an ancient lich
 39439 | Vaults:4 | Identified the +10 battleaxe of Wealth {venom, Int+4}
 39871 | Elf:1    | Entered Level 1 of the Elven Halls
 39965 | Elf:1    | Found Giyl's Assorted Antiques.
 39971 | Elf:1    | Bought a scroll of teleportation for 105 gold pieces
 39971 | Elf:1    | Bought a potion of haste for 350 gold pieces
 39993 | Elf:1    | Received a gift from Okawaru
 40043 | Elf:1    | Paralysed by an air elemental for 1 turns
 40254 | Elf:1    | Found a transporter.
 40325 | Elf:1    | Found a transporter.
 40512 | Elf:1    | Noticed Ihia's ghost (adept DrHu)
 40560 | Elf:2    | Lost mutation: Your mind is acute. (Int +4, Str/Dex -1) [a
                  | neqoxec]
 40686 | Elf:2    | Paralysed by an air elemental for 1 turns
 40732 | Elf:2    | Found a portal to a secret trove of treasure.
 40754 | Elf:2    | Reached XP level 22. HP: 183/207 MP: 31/31
 40825 | Elf:2    | Found a runed translucent gate.
 40826 | Elf:2    | Found a runed translucent gate.
 40826 | Elf:2    | Found a runed translucent gate.
 41018 | Elf:3    | Entered Level 3 of the Elven Halls
 41093 | Elf:3    | Paralysed by an air elemental for 1 turns
 41110 | Elf:3    | Received a gift from Okawaru
 41111 | Elf:3    | Paralysed by an air elemental for 1 turns
 41384 | Elf:3    | Found Wemakkask's Jewellery Boutique.
 41393 | Elf:3    | Found Jeshret's Magic Scroll Shop.
 41415 | Elf:3    | Bought 2 scrolls of blinking for 195 gold pieces
 41415 | Elf:3    | Bought a scroll of teleportation for 39 gold pieces
 41415 | Elf:3    | Bought a scroll of enchant weapon for 97 gold pieces
 41531 | Elf:3    | Reached skill level 27 in Axes
 41704 | Elf:3    | Identified the +3 leather armour of the Slightly Bent {rF+
                  | rCorr Int-4}
 41802 | Elf:3    | Identified the +2 leather armour "Utoraf" {rElec rC++
                  | Str+4}
 41815 | Elf:3    | Identified the ring "Caup" {rPois rN+}
 42494 | Elf:3    | Identified the +1 pair of boots of Duck's Teeth {Str+2}
                  | (Okawaru gifted it to you on level 3 of the Elven Halls)
 42494 | Elf:3    | Received a gift from Okawaru
 42570 | Elf:3    | Found Jikiv's Magic Scroll Shop.
 42581 | Elf:3    | Bought a scroll of teleportation for 51 gold pieces
 42581 | Elf:3    | Bought a scroll of teleportation for 51 gold pieces
 42838 | Elf:3    | Got Sif Muna's Compilation of Clay and Venom
 43139 | Depths:1 | Entered Level 1 of the Depths
 43143 | Depths:1 | Found a one-way gate to the infinite horrors of the Abyss.
 43357 | Depths:1 | Found a hide-covered altar of Uskayaw.
 43449 | Depths:1 | Found a gateway to Hell.
 43792 | Depths:2 | Found a runed translucent door.
 43810 | Depths:2 | Noticed Xuapopt's ghost (adept MiBe)
 44115 | Depths:2 | HP: 8/211 [spark wasp (13)]
 44115 | Depths:2 | Slain by a spark wasp

Illustrated notes

Levels and vault maps discovered:
D:1:      kilobyte_arrival_exit_the_forest, layout_basic
D:2:      minmay_alternating_diamond, layout_loops_ring,
          chequers_decorated_corner, nicolae_figureground_pulse
D:3:      kennysheep_goblin_castle, layout_rooms,
          hellmonk_ecumenical_altar_lost_god, minivault_27,
          amcnicky_mini_rare_corridor_liquid, roderic_cross_of_infinity
D:4:      layout_cave_pods, mainiacjoe_overflow_swirl, temple_fountains,
          due_unseen_surprise
D:5:      layout_basic, lemuel_tele_altar, enter_ossuary_1
D:6:      kennysheep_steamy, layout_basic, lemuel_crystal_altar,
          gammafunk_ghost_gnarly_gnolls
D:7:      layout_cave_pools, nicolae_yredelemnul_corpse_copse,
          chequers_serial_rivers_room_a, dreamdust_mushroom_princess,
          kennysheep_potato, uniq_pikel
D:8:      layout_gridville, mainiacjoe_overflow_catwalk
D:9:      layout_irregular_city, fedhas_altar_3, feat_on_display
D:10:     layout_irregular_city, serial_shops, shop, enter_bailey_6,
          roderic_lattice_a, minmay_starry_boxes
D:11:     layout_long_grid, dpeg_oklobed_lair, minmay_orc_entry_guard_dogs,
          serial_shops, kennysheep_mini, chequers_garden
D:12:     layout_gridville, ploomutoo_gammafunk_ghost_potion_laboratory,
          serial_shops, nicolae_shop_advertising_works
          [nicolae_subvault_shop_adworks], slow_altar_1
D:13:     minmay_the_grid_octo_tiled_octocenter [minmay_the_grid_octo_empty,
          minmay_the_grid_octo_fan_narrow, minmay_the_grid_octo_77,
          minmay_the_grid_octo_shrine, minmay_the_grid_octo_prize_single_spiral,
          minmay_the_grid_square_5x5_inverted_slash,
          minmay_the_grid_square_5x5_three_small,
          minmay_the_grid_square_5x5_two, minmay_the_grid_square_5x5_bridge],
          layout_gridville, gammafunk_ghost_hydra_chop
D:14:     minmay_wizard_corner, layout_basic, david_vaults_4,
          nicolae_gozag_seed_capital, nicolae_transporter_intersection,
          uniq_kirke
D:15:     grunt_enter_depths_snipers, layout_basic, dreamdust_princess_bridge,
          uniq_jorgrun
Temple:   hellmonk_temple_two_chambers
Lair:1:   layout_roguey, minivault_26, lemuel_fruit_tree
Lair:2:   layout_misc_corridors, elwin_shoals_entry_stream,
          spider_nest_entry_rubble, nicolae_lair_lindhole, uniq_sonja
Lair:3:   cheibrodos_lair_overgrown_chateau, layout_regular_city,
          portal_ice_cave_entry_pillars_2, infiniplex_staircase_pool, uniq_urug
Lair:4:   layout_cave_shapes, gammafunk_ghost_wrathful_warriors
Lair:5:   layout_roguey
Lair:6:   minmay_lair_end_frog_pond, layout_regular_city, slime_entry_2
Shoals:1: layout_shoals, serial_shops, nicolae_shop_behind_doors
Shoals:2: layout_shoals
Shoals:3: layout_shoals
Shoals:4: shoals_end_hellmonk_storm_palace [storm_palace_center_ruins,
          storm_palace_corner_blocked, storm_palace_corner_altar,
          storm_palace_corner_grid, storm_palace_corner_pillars],
          uniq_polyphemus
Spider:1: nicolae_spider_hall_of_the_moth_king, gammafunk_ghost_grave, drop_trap
Spider:2: layout_spider_delve, hive_lemuel
Spider:3: layout_chambers, uniq_agnes
Spider:4: grunt_spider_rune_parallel, nicolae_spider_webbed_stairs
Orc:1:    layout_caves, serial_shops, shop, minmay_shop_mass, uniq_snorg
Orc:2:    st_orc_ogre_mass, layout_caves, gauntlet_entry_generic, uniq_donald
Elf:1:    elf_arrival_001, layout_rooms, gammafunk_ghost_abyssal_escape,
          serial_shops, nicolae_shop_stone, minivault_28, due_unseen_surprise
Elf:2:    elven_hall_of_blades_hangedman_original [nicolae_blade_tridents],
          layout_gridlike, enter_trove_0
Elf:3:    grunt_elf_hall_branching, layout_geoelf_grid, serial_shops,
          nicolae_shop_hallway_plus, minmay_elf_demonology, minmay_shoptagon
Vaults:1: gammafunk_ghost_mausoleum, ontoclasm_vaults_idyll,
          ontoclasm_vaults_loading_screen, hangedman_vaults_unwind,
          hangedman_vaults_trim, vaults_dpeg_diagonal,
          ontoclasm_vaults_decontamination, hangedman_vaults_variations,
          vaults_mumra_chevron, vaults_dpeg_cross,
          nicolae_vaults_network_periphery, hangedman_vaults_maws,
          vaults_room_hallway, layout_vaults_omnicross, uniq_asterion,
          uniq_zenata
Vaults:2: nicolae_vaults_little_squares_4, grunt_vaults_funnel,
          grunt_vaults_focal, vaults_standard_mumra_enter_the_diamond,
          v_alt_pattern_3, special_room_vaults [special_room_orc],
          vaults_dpeg_doors, ontoclasm_vaults_idyll, vaults_room_semicircle,
          layout_vaults_omnigrid
Vaults:3: portal_desolation_entry_salt, hangedman_vaults_hat,
          nicolae_vaults_theta, minmay_crypt_entry_necro_gods, vaults_room_grid,
          v_misc_23, v_pattern_3, v_alt_pattern_2, vaults_standard_mumra_lines,
          ontoclasm_vaults_misaligned, vaults_room_semicircle,
          nicolae_vaults_angled_halls, nicolae_vaults_diagonal_hallway_6,
          vaults_room_guarded_vault, layout_vaults_big_room, uniq_frederick
Vaults:4: v_rooms_4, v_misc_14, st_greater_box_1, vaults_room_grid,
          hangedman_vaults_capsules, vaults_dpeg_hooks, v_misc_14,
          nicolae_vaults_three_branches, v_misc_5, vaults_room_corners,
          nicolae_vaults_theta, nicolae_vaults_ring_of_whatevers,
          vaults_dpeg_ring, v_misc_1, nicolae_vaults_shelves_hall,
          layout_vaults_maze_snakey, uniq_margery
Depths:1: layout_cave_pools, hell_entry, abyss_entry, statue_in_the_mist_lemuel,
          serial_sigils_hangedman_gut, nicolae_uskayaw_dance_hall,
          serial_bayou_shore_b
Depths:2: minmay_inside_and_out, layout_honeycomb, glass_columns_b,
          hellmonk_ghost_happy_afterlife, hell_entry, grunt_pan_entry_spiral,
          grunt_decor_mini_mirrors, minmay_multi_spiral,
          infiniplex_staircase_river, serial_bayou_shore_b, serial_bayou_shore_b

Skill      XL: |  1  2  3  4  5  6  7  8  9 10 11 12 13 14 15 16 17 18 19 20 21 22 |
---------------+-------------------------------------------------------------------+-----
Axes           | 3 4 5 6 8 9 11 12 14 16 17 18 20 21 22 24 25 26 27 | 27.0
Dodging        | 1 2 3 4 5 7 8 9 10 11 12 13 14 15 16 17 18 | 18.8
Shields        | 4 5 6 8 10 11 13 15 16 17 18 19 20 21 22 | 22.9
Fighting       | 4 5 6 7 8 9 10 11 12 13 14 15 16 17 18 19 20 | 20.7
Armour         | 4 5 6 7 8 9 10 11 12 13 14 15 17 18 19 21 | 21.2
Invocations    | 1 2 3 4 6 8 10 11 12 14 | 14.0

Action                   |  1- 3 |  4- 6 |  7- 9 | 10-12 | 13-15 | 16-18 | 19-21 | 22-24 || total
-------------------------+-------+-------+-------+-------+-------+-------+-------+-------++-------
Melee: War axe           |    28 |       |       |       |   767 |       |       |       ||   795
       Hand axe          |    62 |    88 |   223 |    35 |   184 |       |       |       ||   592
       Headbutt          |     9 |    10 |    51 |   147 |   313 |   335 |   445 |   157 ||  1467
       Trident           |       |       |    63 |   952 |       |       |       |       ||  1015
       Broad axe         |       |       |       |       |   112 |  1501 |  1476 |   504 ||  3593
       Kick              |       |       |       |       |    54 |       |       |       ||    54
       Unarmed           |       |       |       |       |     3 |       |       |       ||     3
Throw: Throwing net      |       |       |       |       |       |     5 |       |       ||     5
Invok: Heroism           |       |       |       |     1 |     7 |     2 |       |       ||    10
       Finesse           |       |       |       |       |     3 |     2 |       |       ||     5
Evoke: Wand              |       |       |     7 |     7 |     9 |     8 |     4 |       ||    35
       Condenser vane    |       |       |       |       |       |     3 |     1 |       ||     4
  Use: Scroll            |       |     9 |     6 |     9 |     8 |    13 |     9 |     4 ||    58
       Potion            |       |       |     1 |       |     7 |     4 |       |     1 ||    13
 Stab: Held in net/web   |       |       |       |       |       |     2 |       |       ||     2
       Confused          |       |       |       |       |       |     4 |       |       ||     4
Armor: Scale mail        |    34 |    20 |       |       |       |       |       |       ||    54
       Plate armour      |       |    14 |   120 |   129 |       |       |       |       ||   263
       Crystal plate arm |       |       |       |   174 |   459 |   850 |   451 |   199 ||  2133
Dodge: Dodged            |    31 |    42 |   153 |   685 |   532 |   797 |   606 |   246 ||  3092
       Repelled          |       |       |     1 |     2 |     3 |     6 |    21 |    15 ||    48
Block: Buckler           |    19 |    18 |    99 |   427 |   367 |    25 |       |       ||   955
       Kite shield       |       |       |       |       |       |  1149 |   942 |   386 ||  2477

Table legend: (Time is in decaauts)
 A = Elapsed time spent in this place.
 B = Non-inter-level travel time spent in this place.
 C = Inter-level travel time spent in this place.
 D = Time resting spent in this place.
 E = Time spent auto-exploring this place.
 F = Levels seen in this place.
 G = Mean time per level.
                   A        B        C        D        E       F      G
               +--------+--------+--------+--------+--------+-----+--------+
         Total |  43319 |  40509 |   2810 |   7867 |  21874 |  46 |  941.7 |
       Dungeon |  14931 |  13843 |   1088 |   2323 |   8659 |  15 |  995.4 |
        Temple |     38 |     38 |      0 |      0 |     10 |   1 |   38.0 |
          Lair |   5991 |   5280 |    711 |    763 |   3311 |   6 |  998.5 |
        Shoals |   3709 |   3545 |    164 |    850 |   1429 |   4 |  927.2 |
   Spider Nest |   5072 |   4802 |    270 |   1586 |   2143 |   4 | 1268.0 |
  Orcish Mines |   1315 |   1161 |    154 |    166 |    598 |   2 |  657.5 |
   Elven Halls |   2991 |   2876 |    115 |    798 |   1249 |   3 |  997.0 |
        Vaults |   5704 |   5434 |    270 |   1023 |   2957 |   4 | 1426.0 |
        Depths |    915 |    881 |     34 |     47 |    537 |   2 |  457.5 |
       Ossuary |    185 |    185 |      0 |      0 |    102 |   1 |  185.0 |
        Bailey |    586 |    586 |      0 |      0 |    171 |   1 |  586.0 |
      Ice Cave |    662 |    662 |      0 |    142 |    251 |   1 |  662.0 |
    Desolation |    884 |    884 |      0 |    160 |    295 |   1 |  884.0 |
      Gauntlet |    331 |    331 |      0 |      8 |    160 |   1 |  331.0 |
               +--------+--------+--------+--------+--------+-----+--------+

Top non-repeatable levels by time:
     D:6: 1932 daAuts
Spider:3: 1925 daAuts
Vaults:4: 1828 daAuts
    D:14: 1495 daAuts
Vaults:3: 1403 daAuts
Vaults:2: 1384 daAuts
    D:13: 1368 daAuts
   Elf:3: 1273 daAuts
Shoals:4: 1251 daAuts
Spider:4: 1192 daAuts
  Lair:6: 1187 daAuts
Spider:1: 1137 daAuts
    D:12: 1111 daAuts
  Lair:3: 1105 daAuts
Vaults:1: 1087 daAuts
